 Dungeon Crawl Stone Soup version 0.27.0-1-g7a089689b8 (webtiles) character file.

Game seed: 12641680265864626322

44 GordonOverkill the Sneak (level 3, -4/16 HPs)
             Began as a Felid Necromancer on Aug 3, 2021.
             Slain by Purgy (5 damage)
             ... on level 2 of the Dungeon.
             The game lasted 00:06:48 (4309 turns).

GordonOverkill the Sneak (Felid Necromancer)        Turns: 4309, Time: 00:06:49

Health: -4/16      AC:  1    Str:  4    XL:     3   Next: 39%
Magic:  26/26      EV: 17    Int: 17    God:
Gold:   22         SH:  0    Dex: 16    Spells: 3/7 levels left
                                        Lives:  0   Deaths: 1

rFire    . . .     SeeInvis +   (weapon unavailable)
rCold    . . .     Faith    .   (shield unavailable)
rNeg     . . .     Spirit   .   (armour unavailable)
rPois    .         Reflect  .   (helmet unavailable)
rElec    .         Harm     .   (cloak unavailable)
rCorr    .         Rampage  .   (gloves unavailable)
Will     .....                  (boots unavailable)
Stlth    +++.......             (no amulet)
HPRegen  0.05/turn              b - ring of magical power
MPRegen  0.20/turn              l - ring of magical power

@: quick
A: very small, claws 1, fangs 3, see invisible, speed 1, shaggy fur 1, stealthy
paws, no weapons or thrown items, no armour, multi-lived
a: no special abilities


You were on level 2 of the Dungeon.
You visited 1 branch of the dungeon, and saw 3 of its levels.

You collected 77 gold pieces.
You spent 55 gold pieces at shops.

Inventory:

Jewellery
 b - a ring of magical power (left paw)
 h - an amulet of faith
 l - a ring of magical power (right paw)
Scrolls
 c - a scroll of amnesia
 d - a scroll of immolation {unknown}
 e - 2 scrolls of teleportation
 j - a scroll of blinking {unknown}
 k - a scroll of enchant weapon {unknown}
Potions
 a - a potion of brilliance
 f - a potion of flight
 g - a potion of resistance {unknown}
 i - a potion of berserk rage {unknown}


   Skills:
 + Level 2.1 Fighting
 - Level 2.6 Dodging
 + Level 4.4 Stealth
 + Level 2.9 Spellcasting
 - Level 4.0 Necromancy


You had 3 spell levels left.
You knew the following spells:

 Your Spells              Type           Power      Damage    Failure   Level
a - Pain                  Necr           64%        1d7       3%          1
b - Vampiric Draining     Necr           8%         2d7       11%         3

Your spell library contained the following spells:

 Spells                   Type           Power      Damage    Failure   Level
 Animate Skeleton         Necr           32%        N/A       3%          1
 Animate Dead             Necr           8%         N/A       34%         4
 Agony                    Necr           16%        N/A       67%         5


Dungeon Overview and Level Annotations

Branches:
Dungeon (3/15)

Altars:

Shops:
D:2 (:?

Annotations:
D:2 Purgy


Innate Abilities, Weirdness & Mutations

You have sharp claws.
You have razor-sharp teeth.
You have supernaturally acute eyesight. (SInv)
You cover ground quickly. (Speed+)
You are covered in fur. (AC +1)
Your paws help you pounce on unaware monsters.
You are incapable of wielding weapons or throwing items.
You cannot wear armour.
You gain extra lives every three experience levels.


Message History

Casting: Pain (safe; 3% risk of failure)
Confirm with . or Enter, or press ? or * to list all spells.
Aiming: Pain (safe; 3% risk of failure)
Press: ? - help, Shift-Dir - straight line, f/p - ball python
Aim: a ball python (severely wounded, chance to affect: 87%)
The ball python writhes in agony!
You kill the ball python!
Casting: Pain (safe; 3% risk of failure)
Confirm with . or Enter, or press ? or * to list all spells.
You can't see any susceptible monsters within range! (Use Z to cast anyway.)
You start resting.
Magic restored.
HP restored.
Found 27 stones.
You now have 22 gold pieces (gained 6).
You see here 16 bolts.
Done exploring.
Done exploring.
Done exploring.
Done exploring.
Done exploring.
Search for what [Enter for "."]? .
(D) Dungeon
Where to? (Enter - D:2, ? - help)
There is a stone staircase leading down here.
You climb downwards.
Level annotation: Purgy Purgy bites you!
Ouch! That really hurt!
* * * LOW HITPOINT WARNING * * *
Purgy misses you. x2
There is a stone staircase leading up here.
Purgy bites you.
* * * LOW HITPOINT WARNING * * *
Purgy closely misses you. Purgy claws you.
* * * LOW HITPOINT WARNING * * *
You climb upwards.
There is a stone staircase leading down here.
Purgy bites you.
You die...

####
###############..##
......#......#8..8##
#####.#.####.......#
....#.#.####...>...#
##...........#8T.8##
....#.#.####.##.@###
....#.#............#
......##########.###
.##.### #.# ....#
#.## .##.#######
#..# ....#.....#
##.# ...##.....# #.#
..........# ### #.#


You could see Purgy.

Vanquished Creatures
  2 adders (D:2)
  A dart slug (D:2)
  2 orcs (D:3)
  7 endoplasms
  2 giant cockroaches
  2 goblins (D:1)
  7 hobgoblins
  9 jackals
  3 quokkas (D:1)
  6 ball pythons
  5 bats
  3 frilled lizards
  7 kobolds
  5 rats
61 creatures vanquished.

Notes
Turn   | Place    | Note
-------+----------+-------------------------------------------
     0 | D:1      | GordonOverkill the Felid Necromancer began the quest for
                  | the Orb.
     0 | D:1      | Reached XP level 1. HP: 7/7 MP: 4/4
   407 | D:1      | Reached XP level 2. HP: 2/12 MP: 0/6
   909 | D:1      | Found a faded altar of an unknown god.
  1032 | D:1      | Reached skill level 1 in Fighting
  1820 | D:1      | Reached XP level 3. HP: 6/15 MP: 3/7
  1990 | D:1      | Learned a level 3 spell: Vampiric Draining
  2861 | D:2      | Found Vateth's Weapon Shop.
  2960 | D:2      | Found Wonorph's Book Emporium.
  2991 | D:2      | Found Ygocymem's Magic Scroll Emporium.
  3008 | D:2      | Bought a scroll of identify for 22 gold pieces
  3008 | D:2      | Bought a scroll of teleportation for 33 gold pieces
  3419 | D:2      | Reached XP level 4. HP: 9/19 MP: 3/9
  3955 | D:2      | You fall into a shaft and drop 1 floor!
  3972 | D:3      | Killed from afar by an orc wizard
  3973 | D:3      | Reached XP level 3. HP: -1/16 MP: 22/26
  4047 | D:3      | Noticed Purgy
  4309 | D:2      | Slain by Purgy

Illustrated notes

Levels and vault maps discovered:
D:1:      ncdulo_watergridlock, layout_basic, shapermc_ecumenical_altar_ellora
D:2:      layout_loops_cross, serial_shops, shop,
          nicolae_shop_temple_entry_statues_fountains, nicolae_shop_waterfront,
          st_stairs_6, chequers_garden, nrook_loot_triangle
D:3:      layout_basic, eat_drink_and_be_merry_uskayaw, uniq_purgy

Skill      XL: |  1  2  3 |
---------------+----------+-----
Stealth        | 3 4 |  4.4
Fighting       | 1 2 |  2.1
Dodging        | |  2.6
Spellcasting   | |  2.9
Necromancy     | |  4.0

Action                   |  1- 3 |  4- 6 || total
-------------------------+-------+-------++-------
Melee: Unarmed           |     5 |       ||     5
 Cast: Pain              |   100 |    15 ||   115
  Use: Scroll            |     3 |       ||     3
 Stab: Sleeping          |     4 |       ||     4
Armor: Skin              |     2 |     1 ||     3
Dodge: Dodged            |    25 |     3 ||    28
